 Dungeon Crawl Stone Soup version 0.30-a0-777-ga9a30cbeda (webtiles) character file.

Game seed: 7988205723802627619

39 omnomnOMINOUS the Ducker (level 3, -2/24 HPs)
             Began as an Octopode Wanderer on Feb 14, 2023.
             Slain by a worm (11 damage)
             ... on level 3 of the Dungeon.
             The game lasted 00:02:11 (1062 turns).

omnomnOMINOUS the Ducker (Octopode Wanderer)        Turns: 1062, Time: 00:02:11

Health: -2/24      AC:  1    Str: 11    XL:     3   Next: 45%
Magic:  5/5        EV: 15    Int: 14    God:
Gold:   46         SH:  0    Dex: 13    Spells: 2/5 levels left

rFire   . . .      SeeInvis .    a - +0 mace
rCold   . . .      Faith    .    (no shield)
rNeg    . . .      Spirit   .    d - +0 hat
rPois   .          Reflect  .    (no amulet)
rElec   .          Harm     .    (no ring)
rCorr   .          Rampage  .    (no ring)
Will    .....                    (no ring)
Stlth   ++                       (no ring)
HPRegen 0.24/turn                (no ring)
MPRegen 0.09/turn                (no ring)
                                 (no ring)
                                 (no ring)

@: no status effects
A: almost no armour, amphibious, 8 rings, camouflage 1, gelatinous body 1,
(nimble swimmer 1), tentacles
a: no special abilities


You were on level 3 of the Dungeon.
You visited 1 branch of the dungeon, and saw 3 of its levels.

You collected 46 gold pieces.

Inventory:

Hand Weapons
 a - a +0 mace (weapon)
Armour
 d - a +0 hat (worn)
Scrolls
 b - 2 scrolls of blinking
Potions
 f - 2 potions of heal wounds


   Skills:
 + Level 2.0 Fighting
 - Level 1.0 Maces & Flails
 + Level 5.3 Dodging
 - Level 2.0 Unarmed Combat
 + Level 1.8 Spellcasting
 + Level 0.0 Conjurations
 + Level 0.0 Earth Magic


You had 2 spell levels left.
You knew the following spells:

 Your Spells              Type           Power      Damage    Failure   Level
a - Stone Arrow           Conj/Erth      2%         3d7       56%         3

Your spell library contained the following spells:

 Spells                   Type           Power      Damage    Failure   Level
 Sandblast                Erth           2%         2d4       24%         1
 Passwall                 Tmut/Erth      0%         N/A       36%         2


Dungeon Overview and Level Annotations

Branches:
Dungeon (2/15)

Altars:
Xom


Innate Abilities, Weirdness & Mutations

You cannot wear most types of armour.
You are amphibious.
You can wear up to eight rings at the same time.
Your skin changes colour to match your surroundings (Stealth+).
Your rubbery body absorbs attacks. (AC +1, EV +1)
((You are camouflaged when in or above water. (Stealth+)))
You have tentacles for arms and can constrict up to eight enemies at once.


Message History

No target in view!
No target in view!
No target in view!
No target in view!
No target in view!
No target in view!
No target in view!
No target in view!
A worm comes into view.
A worm is nearby!
You barely miss the worm. You grab the worm. You constrict the worm.
You hit the worm.
The worm is moderately wounded.
You constrict the worm. The worm bites you.
You hit the worm.
The worm is moderately wounded.
You constrict the worm. The worm closely misses you.
You hit the worm but do no damage.
The worm is heavily wounded.
You constrict the worm. The worm bites you!
You are too injured to fight recklessly!
You are too injured to fight recklessly!
You are too injured to fight recklessly!
You are too injured to fight recklessly!
You are too injured to fight recklessly!
You are too injured to fight recklessly!
You are too injured to fight recklessly!
You are too injured to fight recklessly!
You are too injured to fight recklessly!
You are too injured to fight recklessly!
You are too injured to fight recklessly!
You are too injured to fight recklessly!
You are too injured to fight recklessly!
You are too injured to fight recklessly!
You are too injured to fight recklessly!
You are too injured to fight recklessly!
You hit the worm. You squeeze the worm.
The worm is severely wounded.
You constrict the worm. The worm bites you!
You die...

#..# ... #..# ..#
###..# #.# #....#
..# #...## #.#
#..## #.# #..#
#w# ##.# #@# #.#
##.############.#
#...............#
#..####.#########
#.#.# #..# #.####
#++# #.# ##


You could see a worm.

Vanquished Creatures
  An adder (D:2)
  A worm (D:2)
  A dart slug (D:1)
  4 endoplasms (D:1)
  2 giant cockroaches (D:1)
  4 goblins
  2 hobgoblins
  2 quokkas
  A ball python (D:1)
  2 frilled lizards (D:1)
  A kobold (D:1)
  2 rats
23 creatures vanquished.

Notes
Turn   | Place    | Note
-------+----------+-------------------------------------------
     0 | D:1      | omnomnOMINOUS the Octopode Wanderer began the quest for the
                  | Orb.
     0 | D:1      | omnomnOMINOUS set off with the following items: a +0 mace,
                  | 2 scrolls of blinking, a scroll of fear, a +0 hat.
     0 | D:1      | Reached XP level 1. HP: 13/13 MP: 2/2
   166 | D:1      | Found a faded altar of an unknown god.
   198 | D:1      | Reached XP level 2. HP: 18/18 MP: 3/3
   212 | D:1      | Prayed at the altar of an unknown god.
   212 | D:1      | Became a worshipper of Xom the Psychopath
   213 | D:1      | Fell from the grace of Xom
   814 | D:2      | Reached XP level 3. HP: 23/24 MP: 5/5
   842 | D:2      | XOM: summons 5 hostile demons
   843 | D:2      | Noticed an ice devil
   929 | D:2      | Learned a level 3 spell: Stone Arrow
  1023 | D:2      | You fall into a shaft and drop 1 floor!
  1062 | D:3      | Slain by a worm

Illustrated notes

Levels and vault maps discovered:
D:1:      lemuel_arrival_hallway, layout_loops_ring,
          shapermc_ecumenical_altar_venn
D:2:      layout_rooms, uniq_crazy_yiuf_cottage
D:3:      kennysheep_big_flooded_room, layout_loops_ring,
          nicolae_wu_jian_glorious_leap, serial_shops, shop,
          hangedman_glass_teeth, wander_ebering_terrifying_dragon_lair,
          uniq_sigmund

Skill      XL: |  1  2  3 |
---------------+----------+-----
Fighting       | 2 |  2.0
Maces & Flails | |  1.0
Dodging        | |  5.3
Unarmed Combat | |  2.0
Spellcasting   | |  1.8

Action                     || total
---------------------------++-------
  Melee: Mace              ||    54
         Tentacles         ||    11
         Constrict         ||    12
 Invoke: Renounce Religion ||     1
    Use: Scroll            ||     2
   Stab: Sleeping          ||     4
 Armour: Skin              ||     2
  Dodge: Dodged            ||    29

Table legend: (Time is in decaauts)
 A = Elapsed time spent in this place.
 B = Non-inter-level travel time spent in this place.
 C = Inter-level travel time spent in this place.
 D = Time resting spent in this place.
 E = Time spent auto-exploring this place.
 F = Levels seen in this place.
 G = Mean time per level.
                   A        B        C        D        E       F      G
               +--------+--------+--------+--------+--------+-----+--------+
         Total |   1079 |   1021 |     58 |    156 |    678 |   3 |  359.7 |
       Dungeon |   1079 |   1021 |     58 |    156 |    678 |   3 |  359.7 |
               +--------+--------+--------+--------+--------+-----+--------+

Top non-repeatable levels by time:
     D:1: 885 daAuts
     D:2: 153 daAuts
     D:3: 41 daAuts
